 Dungeon Crawl Stone Soup version 0.23.2-1-ga50397a (webtiles) character file.

Game seed: 11284934865142126700

145 Fang the Skirmisher (level 5, -2/49 HPs)
             Began as a Gargoyle Berserker on Apr 16, 2019.
             Was a Believer of Trog.
             Slain by Natasha (5 damage)
             ... on level 2 of the Dungeon.
             The game lasted 00:02:51 (1845 turns).

Fang the Skirmisher (Gargoyle Berserker)            Turns: 1845, Time: 00:02:51

Health: -2/49      AC:  6    Str: 26    XL:     5   Next: 27%
Magic:  5/5        EV: 12    Int:  8    God:    Trog [**....]
Gold:   79         SH:  0    Dex:  9    Spells: 4/4 levels left

rFire    . . .     SeeInvis .   a - +0 hand axe
rCold    . . .     Gourm    .   (no shield)
rNeg     + . .     Faith    .   b - +0 animal skin
rPois    ∞         Spirit   .   (no helmet)
rElec    +         Reflect  .   (no cloak)
rCorr    .         Harm     .   (no gloves)
MR       .....                  (no boots)
Stlth    ..........             (no amulet)
HPRegen  0.16/turn              (no ring)
MPRegen  0.09/turn              (no ring)

@: berserking, very quick
A: negative energy resistance 1, electricity resistance, unbreathing,
petrification resistance, rot immunity, AC +4
a: Berserk, Trog's Hand, Renounce Religion


You were on level 2 of the Dungeon.
You worshipped Trog.
Trog was pleased with you.
You were very hungry.

You visited 1 branch of the dungeon, and saw 2 of its levels.

You collected 79 gold pieces.

Inventory:

Hand Weapons
 a - a +0 hand axe (weapon)
Armour
 b - a +0 animal skin (worn)
Jewellery
 j - a +1 ring of protection {unknown}
 m - an uncursed ring of resist corrosion {unknown}
 n - an uncursed amulet of rage {unknown}
Wands
 o - a wand of scattershot (6)
Scrolls
 d - a scroll of identify {unknown}
 e - a scroll of fog {unknown}
 h - 2 scrolls of remove curse {unknown}
 l - a scroll of fear {unknown}
Potions
 f - a potion of brilliance {unknown}
 g - 3 potions of curing
 i - a potion of lignification {unknown}
 k - a potion of cancellation {unknown}
 q - a potion of flight {unknown}
 r - a potion of haste {unknown}
Comestibles
 c - 2 rations
 p - 4 chunks of flesh


   Skills:
 + Level 4.3 Fighting
 + Level 3.4 Axes
 + Level 3.4 Armour
 + Level 2.5 Dodging


You had 4 spell levels left.
You didn't know any spells.
Your spell library was empty.

Dungeon Overview and Level Annotations

Branches:
Dungeon (2/15)

Altars:
Elyvilon
Okawaru
Trog

Annotations:
D:2 Natasha


Innate Abilities, Weirdness & Mutations

You are resistant to torment.
Your stone body is resilient. (AC +4)
You are immune to poison.
You resist negative energy. (rN+)
You are resistant to electric shocks. (rElec)
You can survive without breathing.
You are immune to petrification.
You are immune to rotting.


Message History

The white imp hits you but does no damage.
You closely miss Natasha.
Natasha is moderately wounded.
You closely miss the iron imp. You barely miss the white imp.
Natasha claws you.
* * * LOW HITPOINT WARNING * * *
The white imp gestures at you. The puff of frost misses you.
The iron imp hits you.
* * * LOW HITPOINT WARNING * * *
You completely miss Natasha.
Natasha is moderately wounded.
You hit the iron imp.
You kill the iron imp!
You hit the white imp. Natasha misses you. The white imp barely misses you.
You closely miss Natasha.
Natasha is moderately wounded.
You hit the white imp.
You kill the white imp!
Natasha claws you.
You die...

.......#.##.#
.......#.##.#
##.......##.#
#.#...#.##.#
##....#####.#
............#
##################
.................#
########.#######@#
......##.##....)h).#
#######.#.###.........
...#
#.#...#.........#.#
...# #...#.##.#.#....#
#### ##.#..##.#.
...... ##..### #.
.#..... ##.÷#.# #.
..$...# #..#..#


You could see Natasha.

Vanquished Creatures
  Terence (D:2)
  Jessica (D:2)
  Ijyb (D:2)
  An adder (D:2)
  2 oozes (D:2)
  A worm (D:2)
  A dart slug (D:2)
  2 giant cockroaches
  8 goblins (D:2)
  7 hobgoblins
  5 kobolds
  8 bats
  A frilled lizard (D:2)
  9 rats
48 creatures vanquished.

Notes
Turn   | Place    | Note
-------+----------+-------------------------------------------
     0 | D:1      | Fang the Gargoyle Berserker began the quest for the Orb.
     0 | D:1      | Reached XP level 1. HP: 14/14 MP: 1/1
   407 | D:1      | Reached XP level 2. HP: 19/19 MP: 2/2
   990 | D:2      | Found a bloodstained altar of Trog.
  1002 | D:2      | Reached XP level 3. HP: 18/24 MP: 3/3
  1009 | D:2      | Noticed Terence
  1016 | D:2      | Reached ** piety under Trog
  1018 | D:2      | Killed Terence
  1018 | D:2      | Reached XP level 4. HP: 12/29 MP: 4/4
  1361 | D:2      | Found an iron altar of Okawaru.
  1438 | D:2      | Noticed Ijyb
  1442 | D:2      | Reached skill level 4 in Fighting
  1464 | D:2      | Killed Ijyb
  1800 | D:2      | Found a white marble altar of Elyvilon.
  1818 | D:2      | Noticed Jessica
  1821 | D:2      | Noticed Natasha
  1823 | D:2      | Reached XP level 5. HP: 28/33 MP: 5/5
  1825 | D:2      | Killed Jessica
  1845 | D:2      | Slain by Natasha

Skill      XL: |  1  2  3  4 |
---------------+-------------+-----
Axes           | 3 |  3.4
Dodging        | 2 |  2.5
Armour         | 3 |  3.4
Fighting       | 4 |  4.3

Action                   |  1- 3 |  4- 6 || total
-------------------------+-------+-------++-------
Melee: Hand axe          |    98 |    85 ||   183
Invok: Berserk           |     1 |     2 ||     3
  Eat: Chunk             |       |     5 ||     5
Armor: Animal skin       |    34 |    34 ||    68
Dodge: Dodged            |    92 |    65 ||   157
